[Event "45th FIDE Olympiad 2024"]
[Site "Budapest"]
[Date "2024.09.19"]
[Round "8"]
[White "Hill, Jonathan"]
[Black "Savva, Panikos"]
[Result "1/2-1/2"]
[WhiteElo "1756"]
[BlackElo "1973"]
[PlyCount "83"]
[EventDate "2024.09.05"]
[EventType "team-tourn"]
[EventCountry "HUN"]
[WhiteTeam "Guernsey"]
[BlackTeam "Cyprus"]
[BlackTeamCountry "CYP"]
[TimeControl "40/5400+30:1800+30"]

1. d4 Nf6 2. Nf3 c5 3. c3 cxd4 4. cxd4 g6 5. Bf4 Bg7 6. e3 O-O 7. Be2 Nc6 8. O-O Nh5 9. Bg3 Nxg3 10. hxg3 d6 11. Nc3 Bg4 12. Rc1 Qa5 13. a3 Qh5 14. b4 a6 15. Qd2 e5 16. d5 Na7 17. a4 f5 18. Nh2 Bxe2 19. Nxe2 Rac8 20. Rfd1 g5 21. g4 fxg4 22. Ng3 Qg6 23. Nxg4 h5 24. Nh2 h4 25. Nh1 Qe4 26. f3 Qf5 27. e4 Qg6 28. Ng4 h3 29. Ng3 hxg2 30. Qxg2 Qe8 31. Qa2 Rxf3 32. Kg2 Rfc3 33. Qd2 Qxa4 34. Qxg5 Rxc1 35. Nf6+ Kf7 36. Ngh5 Bxf6 37. Qxf6+ Ke8 38. Qe6+ Kd8 39. Qf6+ Kd7 40. Qe6+ Kd8 41. Qf6+ Kd7 42. Qe6+ 1/2-1/2

[Event "45th FIDE Olympiad 2024"]
[Site "Budapest"]
[Date "2024.09.19"]
[Round "8.1"]
[White "Maghsoodloo, Parham"]
[Black "Gukesh, D."]
[Result "0-1"]
[ECO "D33"]
[WhiteElo "2723"]
[BlackElo "2764"]
[Annotator "TA"]
[PlyCount "68"]
[EventDate "2024.09.05"]
[EventType "team-tourn"]
[EventCountry "HUN"]
[SourceTitle "playchess.com"]
[Source "ChessBase"]
[SourceQuality "1"]
[WhiteTeam "Iran"]
[BlackTeam "India"]
[WhiteTeamCountry "IRI"]
[BlackTeamCountry "IND"]
[TimeControl "40/5400+30:1800+30"]

1. d4 d5 2. c4 e6 3. Nc3 c5 4. cxd5 exd5 5. Nf3 Nf6 6. g3 Nc6 7. Bg2 cxd4 8. Nxd4 Bc5 9. Nb3 Bb6 10. O-O d4 11. Na4 O-O {[%emt 0:00:07] White is slightly better.} 12. Re1 h6 13. Bf4 Be6 14. Nbc5 Bd5 15. Nxb6 axb6 16. Nxb7 Qd7 {[%emt 0:04:39] Threatens to win with ...Bxg2.} 17. e4 $1 dxe3 18. Rxe3 (18. Bxe3 $2 Nb4 19. Nc5 (19. Bxd5 $2 Nbxd5 20. Bxb6 Nxb6 $19) 19... bxc5 20. Bxc5 Rfb8 (20... Nxa2 21. Bxf8 Kxf8 22. Qd4 $17) 21. Bxb4 Rxb4 22. Bxd5 Qxd5 23. Qxd5 Nxd5 $19) (18. fxe3 $11 Nb4 19. Bxd5 Nbxd5 (19... Nfxd5 20. e4 $15) 20. e4) 18... Nb4 $1 $17 19. Nd6 Bxg2 20. Kxg2 Rad8 {[%emt 0:02:13] ...Nbd5 is the strong threat.} 21. Rb3 {[%emt 0:21:58] [#]} Nbd5 {[%emt 0:06:49][%cal Bb4d5,Bd5e7,Be7f5][%mdl 1056] Black has strong compensation.} 22. Be5 Qe6 23. Qd4 (23. Bxf6 $2 gxf6 24. Qd2 Qxd6 $19 (24... Rxd6 $2 25. Re1 $19)) 23... Ng4 ({Black should try} 23... Rxd6 $15 24. Bxd6 Qxd6) 24. Rd1 $11 Ne7 {[%emt 0:03:38] Excellent horsemanship.} 25. Bxg7 Nf5 $1 {[%emt 0:00:03] Some like it hot} 26. Qf4 (26. Qxg4 $2 Ne3+ (26... Nxg7 $2 27. Qxe6 Nxe6 28. Rxb6 $18) 27. Rxe3 Qxg4 28. Bxf8 Qxd1 $19) 26... Nxg7 27. Rxb6 f5 $36 {[%emt 0:03:03][%mdl 2048] Black fights for an advantage.} 28. h3 (28. b3 {with more complications.} Qe2 29. Rd2 Qe1 30. Rd5) 28... Ne5 29. Nc4 $2 Qxc4 $19 30. Rxd8 Rxd8 31. Qxe5 {[%emt 0:00:04] [#]} (31. Qxc4+ $142 Nxc4 32. Rxh6) 31... Rd1 $1 {[%emt 0:01:16] aiming for ...Qf1+.} 32. Rb3 Qf1+ 33. Kf3 Qh1+ 34. Kf4 Rd5 {[%emt 0:00:39] Weighted Error Value: White=0.80/Black=0.04 (flawless) .  Loses game:     	White=1     	---        Mistake:       	White=2     	Black=1      Inaccurate:     	White=1     	---        OK:         	White=12    	Black=13     Best:        	White=1     	Black=1      Strong:       	White=1     	Black=3} (34... Qg2 $142 35. f3 Qd2+ (35... Qxh3 $2 {is the wrong capture.} 36. Rb8+ Kh7 37. Rb7 $18) 36. Re3 Re1 (36... Qb4+ $2 37. Re4 $19) 37. Qb8+ Kh7 38. Qb6 Rxe3 39. Qxe3 Nh5+ (39... Qxb2 $2 40. Qd3 $19) (39... Qd6+ 40. Qe5 Nh5+ 41. Ke3 Qxe5+ 42. Kd3 Qxg3 43. Kd4 Qxf3 44. b4 f4 45. Kc5 Qe3+ 46. Kc6 f3 47. a3 f2 48. h4 f1=Q 49. Kd6 Qa6+ 50. Kd7 Qb7+ 51. Kd8 Qee7#) 40. Ke5 Qxe3+ 41. Kd6 Nxg3 42. b3 Qxf3 43. a4 f4 (43... Qxb3 {gets mated.} 44. Ke5 Qe3+ 45. Kd6 Ne4+ 46. Kd5 Qc5+ 47. Ke6 Qd4 48. Kxf5 Ng5 49. h4 Qe4+ 50. Kf6 Qe6#) 44. a5 Qxb3 45. a6 f3 46. a7 Qb6+ 47. Ke7 Qxa7+ 48. Kd6 f2 49. h4 f1=Q (49... f1=B {is a self mate.} 50. Kd5 Nf5 51. Ke4 Qd4+ 52. Kf3 Qe3+ 53. Kg4 Bh3+ 54. Kh5 Ng7#) 50. Kd5 Qff7+ 51. Ke5 Qc5#) 0-1

[Event "45th FIDE Olympiad 2024"]
[Site "Budapest"]
[Date "2024.09.19"]
[Round "8.1"]
[White "Allam, Mohamed"]
[Black "Asante, Debesai Zerabruk"]
[Result "1-0"]
[WhiteElo "2053"]
[BlackElo "1908"]
[PlyCount "73"]
[EventDate "2024.09.05"]
[EventType "team-tourn"]
[EventCountry "HUN"]
[WhiteTeam "Palestine"]
[BlackTeam "Eritrea"]
[WhiteTeamCountry "PLE"]
[BlackTeamCountry "ERI"]
[TimeControl "40/5400+30:1800+30"]

1. d4 Nf6 2. Nc3 d5 3. Bf4 c5 4. e4 e6 5. exd5 Nxd5 6. Nxd5 Qxd5 7. Nf3 Nc6 8. dxc5 Qxd1+ 9. Rxd1 Bxc5 10. Bb5 Bd7 11. Ke2 Ke7 12. c3 a5 13. Rd2 Rhd8 14. Rhd1 Be8 15. Be3 Bxe3 16. Kxe3 f6 17. a4 Rxd2 18. Rxd2 Rc8 19. Kd3 Rd8+ 20. Kc4 Rc8 21. Kc5 Ne5+ 22. Kb6 Bxb5 23. Kxb5 Nc4 24. Re2 Kd6 25. b4 Na3+ 26. Kxa5 Rxc3 27. Kb6 Rb3 28. b5 Rb4 29. Rd2+ Ke7 30. Rd4 Rb2 31. Kxb7 Nxb5 32. axb5 Rxb5+ 33. Kc6 Rb1 34. Rd7+ Kf8 35. Nd4 Re1 36. Kd6 Rd1 37. Kxe6 1-0

[Event "45th FIDE Olympiad 2024"]
[Site "Budapest"]
[Date "2024.09.19"]
[Round "8.2"]
[White "Praggnanandhaa, R."]
[Black "Tabatabaei, M. Amin"]
[Result "1/2-1/2"]
[ECO "E05"]
[WhiteElo "2750"]
[BlackElo "2714"]
[Annotator "TA"]
[PlyCount "64"]
[EventDate "2024.09.05"]
[EventType "team-tourn"]
[EventCountry "HUN"]
[SourceTitle "playchess.com"]
[Source "ChessBase"]
[SourceQuality "1"]
[WhiteTeam "India"]
[BlackTeam "Iran"]
[WhiteTeamCountry "IND"]
[BlackTeamCountry "IRI"]
[TimeControl "40/5400+30:1800+30"]

1. d4 d5 2. c4 e6 3. Nf3 Nf6 4. g3 Be7 5. Bg2 O-O 6. O-O dxc4 7. Qc2 a6 8. a4 Bd7 9. Qxc4 Bc6 10. Bf4 Bd6 11. Qc1 h6 12. Nc3 Nd5 13. Bd2 ({Reject} 13. Bxh6 gxh6 14. Nxd5 (14. Qxh6 Qf6 $17) 14... Bxd5 $17) 13... Nd7 14. Rd1 Qe8 15. a5 f5 16. Qc2 N7f6 17. Re1 Rd8 18. Ne5 Nb4 19. Qb3 Bxg2 20. Kxg2 Bxe5 21. dxe5 Rxd2 22. Qxb4 Qc6+ (22... Ng4 {looks sharper.} 23. Qxb7 f4 24. Qf3 Nxe5 25. Qe4 Qh5) 23. Kg1 Nd5 24. Nxd5 Qxd5 25. Rac1 Rf7 26. b3 {[%emt 0:10:36] [#]} (26. Rc5 $15 {deserves consideration.} Qd4 27. Qxd4 Rxd4 28. Rec1) 26... Rd4 (26... c6 $1 $17 27. Rc5 Qd4 28. Qxd4 Rxd4) 27. Rc4 $1 $11 Rd1 28. Rxd1 Qxd1+ 29. Kg2 Qd5+ 30. Kg1 Rd7 31. e3 {[%emt 0:00:00] [#] Threatens to win with Rd4.} Qd1+ 32. Kg2 Qd5+ {[%emt 0:00:03] Weighted Error Value: White=0.09 (flawless) /Black=0.11 (very precise) .  Mistake:       	White=1     	Black=1      Inaccurate:     	White=1     	Black=2      OK:         	White=6     	Black=13     Best:        	White=3     	---        Strong:       	White=1     	---} 1/2-1/2

[Event "45th FIDE Olympiad 2024"]
[Site "Budapest"]
[Date "2024.09.19"]
[Round "8.2"]
[White "Kibrom, Weldegebriel Beraki"]
[Black "Seder, Mohammed"]
[Result "1-0"]
[WhiteElo "1885"]
[BlackElo "2116"]
[PlyCount "129"]
[EventDate "2024.09.05"]
[EventType "team-tourn"]
[EventCountry "HUN"]
[WhiteTeam "Eritrea"]
[BlackTeam "Palestine"]
[WhiteTeamCountry "ERI"]
[BlackTeamCountry "PLE"]
[TimeControl "40/5400+30:1800+30"]

1. d4 Nf6 2. c4 e6 3. Nc3 Bb4 4. Qc2 c5 5. dxc5 Na6 6. g3 Nxc5 7. Bg2 O-O 8. a3 Bxc3+ 9. Qxc3 d6 10. Bf4 e5 11. Be3 Qc7 12. Nf3 Ng4 13. Nd2 Bd7 14. O-O Rac8 15. Bxc5 dxc5 16. Rfd1 h5 17. Ne4 Bc6 18. h3 Bxe4 19. Bxe4 Nf6 20. Bd5 Qe7 21. e4 h4 22. g4 Nh7 23. Qe3 Rcd8 24. Rd3 Rfe8 25. Rad1 Nf8 26. Qf3 Rd7 27. Qf5 g6 28. Qf3 Red8 29. Qe3 g5 30. Qf3 Kg7 31. Qf5 Rd6 32. Rf3 R8d7 33. Rb3 Ng6 34. Qf3 Nf4 35. Qe3 Ne6 36. Rb5 b6 37. b4 cxb4 38. Rxb4 Rc7 39. Rd3 Nd4 40. Rxd4 exd4 41. Qxd4+ f6 42. Rb3 Qe5 43. Qe3 Rc5 44. Kg2 Kf8 45. Qf3 Rc7 46. Qd3 Rc5 47. Qf3 Rd8 48. Qd3 Ke7 49. Qf3 Rb8 50. Qe2 Kf8 51. Qe3 Kg7 52. Qd3 Rh8 53. Qe2 Kf8 54. Rf3 Ke8 55. Rf5 Qe7 56. e5 Rf8 57. Qb2 Kd8 58. exf6 Qd6 59. f7 Kc7 60. Rf6 Qe7 61. Re6 Qxf7 62. Qe5+ Kc8 63. Rc6+ Rxc6 64. Bxf7 Rd8 65. Be6+ 1-0

[Event "45th FIDE Olympiad 2024"]
[Site "Budapest"]
[Date "2024.09.19"]
[Round "8.3"]
[White "Daneshvar, Bardiya"]
[Black "Erigaisi, Arjun"]
[Result "0-1"]
[ECO "A09"]
[WhiteElo "2598"]
[BlackElo "2778"]
[Annotator "TA"]
[PlyCount "71"]
[EventDate "2024.09.05"]
[EventType "team-tourn"]
[EventCountry "HUN"]
[SourceTitle "playchess.com"]
[Source "ChessBase"]
[SourceQuality "1"]
[WhiteTeam "Iran"]
[BlackTeam "India"]
[WhiteTeamCountry "IRI"]
[BlackTeamCountry "IND"]
[TimeControl "40/5400+30:1800+30"]

1. Nf3 d5 2. g3 Nf6 3. Bg2 c5 4. O-O e6 5. c4 d4 6. d3 Nc6 7. e3 Nd7 8. Na3 e5 9. Nh4 {[%emt 0:08:59] The position is equal.} dxe3 10. fxe3 Nf6 11. Nb5 Bg4 12. Qb3 Qd7 13. Nc3 Rd8 14. Nd5 Be7 15. Bd2 O-O 16. Rae1 Be6 17. e4 Nd4 {[%emt 0:00:24] Inhibits Nf5.} 18. Qc3 Nxd5 19. cxd5 Bg4 20. Be3 Bxh4 21. gxh4 f5 {[%emt 0:00:04] Black is more active.} (21... Ne2+ 22. Rxe2 Bxe2 23. Rf2 $11) 22. Bxd4 {[%emt 0:10:55] White does not recover from this.} (22. exf5 $1 $15 Ne2+ (22... Rxf5 23. Rxf5 Bxf5 24. Bxd4 $11) (22... Nxf5 23. Bxc5 Rfe8 24. Qc4 $16) (22... Bxf5 23. Bxd4 cxd4 24. Qb3 $15) 23. Rxe2 Bxe2 24. Re1) 22... cxd4 $19 23. Qc5 (23. Qd2 {was called for.} f4 24. Bf3) 23... f4 24. Rf2 b6 25. Qb4 (25. Qc6 $142) 25... f3 26. Bf1 Bh5 {[%emt 0:03:10] ...Qg4+ would now be deadly.} 27. Kh1 Rf6 28. h3 {[%emt 0:03:13] Dodges Qg4} Rc8 {[%emt 0:02:21] Repels Rc1} 29. Qd2 Rg6 {[%emt 0:04:54] Wards off Qg5} 30. Rc1 Rf8 31. Qb4 {[%emt 0:02:33] Inhibits Qe7.} (31. Rc6 Rxc6 32. dxc6 Qxc6 33. Qg5) 31... h6 {[%emt 0:05:47] Hoping for ...Qd8.} 32. Rfc2 f2 33. Rc7 (33. Kh2 $142 Qf7 34. Qxf8+ Qxf8 35. Rc8) 33... Rg1+ 34. Kh2 {[%emt 0:00:03] [#]} Rxf1 $1 35. Rxd7 (35. Rxf1 Qxc7) 35... Rxc1 36. Rd6 {[%emt 0:00:27] Weighted Error Value: White=0.70/Black=0.21 (precise) .  Mistake:       	White=5     	---        Inaccurate:     	White=2     	Black=2      OK:         	White=12    	Black=16     Best:        	---       	Black=2} 0-1

[Event "45th FIDE Olympiad 2024"]
[Site "Budapest"]
[Date "2024.09.19"]
[Round "8.3"]
[White "Abdel Wahab, Ahmad"]
[Black "Lilay, Weldu Gebru"]
[Result "1-0"]
[WhiteElo "1995"]
[BlackElo "1977"]
[PlyCount "55"]
[EventDate "2024.09.05"]
[EventType "team-tourn"]
[EventCountry "HUN"]
[WhiteTeam "Palestine"]
[BlackTeam "Eritrea"]
[WhiteTeamCountry "PLE"]
[BlackTeamCountry "ERI"]
[TimeControl "40/5400+30:1800+30"]

1. d4 Nf6 2. c4 e6 3. Nc3 c5 4. d5 d6 5. e4 Na6 6. h3 Be7 7. Nf3 Bd7 8. Be2 e5 9. a3 h6 10. O-O Qc8 11. Nh2 g5 12. Kh1 Nc7 13. a4 Na6 14. Ra3 Nb4 15. Ng4 h5 16. Nxf6+ Bxf6 17. Nb5 Ke7 18. Rf3 Qb8 19. h4 g4 20. Rxf6 Kxf6 21. f4 Kg6 22. fxe5 dxe5 23. Bg5 f5 24. exf5+ Bxf5 25. Rxf5 Kxf5 26. Qf1+ Kg6 27. Qf6+ Kh7 28. Qf7# 1-0

[Event "45th FIDE Olympiad 2024"]
[Site "Budapest"]
[Date "2024.09.19"]
[Round "8.4"]
[White "Vidit, Santosh Gujrathi"]
[Black "Idani, Pouya"]
[Result "1-0"]
[ECO "B87"]
[WhiteElo "2720"]
[BlackElo "2599"]
[Annotator "TA"]
[PlyCount "79"]
[EventDate "2024.09.05"]
[EventType "team-tourn"]
[EventCountry "HUN"]
[SourceTitle "playchess.com"]
[Source "ChessBase"]
[SourceQuality "1"]
[WhiteTeam "India"]
[BlackTeam "Iran"]
[WhiteTeamCountry "IND"]
[BlackTeamCountry "IRI"]
[TimeControl "40/5400+30:1800+30"]

1. e4 c5 2. Nf3 d6 3. d4 cxd4 4. Nxd4 Nf6 5. Nc3 a6 6. Bc4 e6 7. Be3 b5 8. Bb3 Bb7 9. f3 Nc6 {[%emt 0:00:07] is recently more successful than 9...Nbd7. B87: Sicilian Scheveningen/Najdorf: 6 Bc4, with early ...b5.} 10. Qe2 Na5 11. O-O-O Nxb3+ 12. cxb3 Be7 $146 ({Predecessor:} 12... Qc7 13. Kb1 Rd8 14. g4 Be7 15. h4 b4 16. Na4 d5 17. Nxe6 fxe6 18. Bb6 Qe5 19. Bxd8 Bxd8 {0-1 Flatten,A (2070)-Bausch,T (2117) Mittelrhein Verbandsliga-W 18/19 2018 (4.2)}) 13. Kb1 O-O 14. g4 b4 15. Na4 Nd7 (15... Rc8 $11) 16. h4 $1 $14 Qa5 17. Bg5 Rfe8 18. Bxe7 $1 Rxe7 19. h5 Rc8 20. h6 g6 $1 21. Qd2 Nf6 ({Black should play} 21... f6 $14) 22. Rhe1 $16 (22. Nc2 Rec7 23. Qd4 (23. Qxb4 Qxb4 24. Nxb4 Nxe4 $11) (23. Nxb4 Nxe4 24. Qd4 e5 $17) 23... Qg5 $16 (23... Rxc2 24. Qxf6 Kf8 25. g5 $18)) 22... Rec7 23. a3 Nd7 (23... Re7 $16 24. Nc2 (24. Qxb4 Qxb4 25. axb4 Ne8 $16) (24. axb4 Qd8 $18) 24... Qd8) 24. f4 $18 (24. Qxb4 $6 Qxb4 25. axb4 Kf8 $16) 24... e5 (24... Nf6 {might work better.}) 25. axb4 $18 (25. Qxb4 $2 Qxb4 26. axb4 exd4 27. Rxd4 Re8 $19) 25... Bxe4+ 26. Rxe4 Qd5 {[%emt 0:00:04] [#]} 27. Qd3 (27. Nc3 Rxc3 28. bxc3 Qxe4+ 29. Nc2 Nf8 $16 (29... exf4 $2 30. Qxd6 Nf8 31. Qf6 $18)) (27. Qe1 $142 $1) 27... Nf6 $18 {[%emt 0:04:12] [#]} 28. Ree1 $1 (28. Nc3 $2 Rxc3 29. bxc3 Nxe4 $19) 28... Qxd4 29. Qxd4 (29. Qxa6 Qxf4 30. b5 Nd7 31. Qxd6 Qxh6 $18) 29... exd4 30. g5 (30. Rxd4 Nxg4 31. Nb6 (31. Rxd6 Nxh6 32. Rxa6 Rb8 $11) 31... Rb8 $11) 30... Nh5 31. Rxd4 Rf8 $2 (31... Rb7 32. Rc4 (32. Rxd6 Rxb4 33. Nb6 Rf8 $18) 32... Rd8) 32. Rxd6 $18 Nxf4 33. Nc5 ({Don't do} 33. Rxa6 Rb7 34. Rb6 Rxb6 35. Nxb6 Rd8 $18) 33... Ne6 34. Nxe6 fxe6 35. Rxa6 e5 36. b5 ({Worse is} 36. Rxe5 Rf1+ 37. Ka2 Rcc1 38. Ra8+ Kf7 39. Ra7+ Kf8 40. Ra8+ Kf7 41. Ra7+ Kf8 42. Ra8+ Kf7 $11) 36... Rc5 37. b6 Rb8 38. Ra7 Rb5 39. Rg7+ Kh8 40. Rc1 1-0

[Event "45th FIDE Olympiad 2024"]
[Site "Budapest"]
[Date "2024.09.19"]
[Round "8.4"]
[White "Samuel, Merhawi Gebrehiwet"]
[Black "Miswadah, Baha"]
[Result "0-1"]
[WhiteElo "1788"]
[BlackElo "1957"]
[PlyCount "116"]
[EventDate "2024.09.05"]
[EventType "team-tourn"]
[EventCountry "HUN"]
[WhiteTeam "Eritrea"]
[BlackTeam "Palestine"]
[WhiteTeamCountry "ERI"]
[BlackTeamCountry "PLE"]
[TimeControl "40/5400+30:1800+30"]

1. Nf3 Nf6 2. d4 d5 3. c4 c6 4. b3 Bf5 5. Bb2 e6 6. e3 Bb4+ 7. Nbd2 Nbd7 8. a3 Bd6 9. Be2 Ne4 10. Nxe4 Bxe4 11. Bd3 Bg6 12. Qe2 Nf6 13. Nd2 Bxd3 14. Qxd3 O-O 15. c5 Bc7 16. f4 b6 17. b4 a5 18. O-O b5 19. Bc3 Qe7 20. Rfb1 Ra7 21. g3 Rfa8 22. e4 dxe4 23. Nxe4 Nd5 24. Ng5 g6 25. Ne4 axb4 26. axb4 Rxa1 27. Rxa1 Rxa1+ 28. Bxa1 Nxb4 29. Qa3 Nd5 30. Qa8+ Qd8 31. Qxc6 b4 32. Bb2 h6 33. Kg2 Ne3+ 34. Kf3 Nc4 35. Ba1 b3 36. Qb5 Qd5 37. Kf2 Qxe4 38. Qxc4 Ba5 39. Qa4 Qc2+ 40. Kf3 b2 41. Qxc2 bxa1=Q 42. c6 Bc7 43. Qc4 Qh1+ 44. Kf2 Qxh2+ 45. Kf3 Qh5+ 46. Ke3 Qh3 47. Kf2 Qh2+ 48. Kf3 Qh1+ 49. Ke3 Qg2 50. Qa6 Qxg3+ 51. Ke2 Qxf4 52. Qc8+ Kg7 53. Qd7 h5 54. d5 exd5 55. Kd3 Qc4+ 56. Kd2 Bf4+ 57. Ke1 Qe4+ 58. Kd1 Qd3+ {0-} 0-1

[Event "45th FIDE Olympiad 2024"]
[Site "Budapest"]
[Date "2024.09.19"]
[Round "8.5"]
[White "Rapport, Richard"]
[Black "Martirosyan, Haik M."]
[Result "1/2-1/2"]
[ECO "C24"]
[WhiteElo "2715"]
[BlackElo "2667"]
[Annotator "TA"]
[PlyCount "61"]
[EventDate "2024.09.05"]
[EventType "team-tourn"]
[EventCountry "HUN"]
[SourceTitle "playchess.com"]
[Source "ChessBase"]
[SourceQuality "1"]
[WhiteTeam "Hungary"]
[BlackTeam "Armenia"]
[WhiteTeamCountry "HUN"]
[BlackTeamCountry "ARM"]
[TimeControl "40/5400+30:1800+30"]

1. e4 e5 2. Nf3 Nc6 3. Bc4 Bc5 4. O-O Nf6 5. d3 O-O 6. Re1 Ng4 7. Rf1 Nf6 8. h3 d5 9. exd5 Nxd5 10. Re1 Be6 11. c3 Bb6 12. Bb3 ({Worse is} 12. Nxe5 Nxe5 13. Rxe5 Bxf2+ 14. Kh1 Bg3 $17) 12... Re8 13. Ng5 Qf6 14. Rf1 Nf4 15. Nxe6 Nxe6 16. Nd2 Rad8 17. Ne4 Qg6 18. Qf3 Kh8 19. h4 {[%emt 0:06:41] [#] aiming for h5.} f5 20. Ng5 Nxg5 21. Bxg5 Rd6 22. Rae1 h6 23. Bc1 (23. Bf4 {feels hotter.} exf4 24. h5 Bxf2+ 25. Kxf2 Qg3+ 26. Qxg3 fxg3+ 27. Kxg3 Rxd3+ 28. Kf4) 23... Rf8 24. Bc4 Rdd8 25. Qh3 a5 26. a3 f4 27. Kh2 Bc5 28. b4 axb4 29. axb4 Be7 30. d4 exd4 {[%emt 0:03:36][%cal Of4f3] [#] White must now prevent ...f3!} 31. b5 {[%emt 0:06:00] Weighted Error Value: White=0.08 (flawless) /Black=0.05 (flawless) .  Inaccurate:     	White=2     	Black=2      OK:         	White=7     	Black=12     Best:        	White=1     	---} 1/2-1/2

[Event "45th FIDE Olympiad 2024"]
[Site "Budapest"]
[Date "2024.09.19"]
[Round "8.5"]
[White "Muhammed, Shuaau"]
[Black "Kigigha, Bomo Lovet"]
[Result "1/2-1/2"]
[WhiteElo "2052"]
[BlackElo "2217"]
[PlyCount "175"]
[EventDate "2024.09.05"]
[EventType "team-tourn"]
[EventCountry "HUN"]
[WhiteTeam "Maldives"]
[BlackTeam "Nigeria"]
[WhiteTeamCountry "MDV"]
[BlackTeamCountry "NGR"]
[TimeControl "40/5400+30:1800+30"]

1. e4 Nf6 2. e5 Nd5 3. d4 d6 4. exd6 exd6 5. Nf3 Be7 6. Bc4 Nb6 7. Bd3 Bg4 8. h3 Bh5 9. Nbd2 Nc6 10. c3 O-O 11. O-O Nd5 12. Ne4 Nf6 13. Ng3 Bg6 14. Bxg6 hxg6 15. d5 Ne5 16. Re1 Ned7 17. c4 Re8 18. Be3 Bf8 19. b4 c6 20. dxc6 bxc6 21. b5 cxb5 22. cxb5 Qa5 23. a4 a6 24. Rb1 Nc5 25. Nd4 Qxa4 26. Qxa4 Nxa4 27. b6 Nc5 28. Nc6 Nb7 29. Bd4 Nd7 30. Rxe8 Rxe8 31. Ra1 Ra8 32. Ne2 d5 33. Na5 Ndc5 34. Bxc5 Nxc5 35. Rb1 Nd7 36. Nd4 Nxb6 37. Rxb6 Bc5 38. Rb3 Bxd4 39. Rd3 Bb6 40. Rxd5 Bxa5 41. Rxa5 Kf8 42. Kf1 Ke7 43. Ke2 Kd6 44. Kd3 Kc6 45. Kc4 Kb6 46. Re5 a5 47. Kb3 Rc8 48. h4 Rc5 49. Re4 Kc6 50. g4 Kd6 51. f3 Re5 52. Rd4+ Rd5 53. Rf4 Rb5+ 54. Kc3 f5 55. Ra4 Kc6 56. Ra1 Rc5+ 57. Kd4 Kb6 58. Rb1+ Rb5 59. Rg1 fxg4 60. fxg4 a4 61. Kc3 Rb3+ 62. Kc2 Rb4 63. h5 g5 64. Re1 Rxg4 65. Re6+ Kb5 66. Rg6 Kb4 67. Rxg7 Rg2+ 68. Kb1 Kb3 69. Rb7+ Ka3 70. h6 Rg1+ 71. Kc2 Rh1 72. h7 Rh5 73. Rg7 Ka2 74. Kc1 a3 75. Rxg5 Rh1+ 76. Kc2 Rxh7 77. Rc5 Rh2+ 78. Kc1 Ka1 79. Rc8 Rh1+ 80. Kc2 Rb1 81. Rc7 Ka2 82. Rc8 Rb7 83. Kc1 Rb2 84. Rc7 Ka1 85. Rc8 Rg2 86. Rc7 Rg1+ 87. Kc2 a2 88. Rc8 1/2-1/2

[Event "45th FIDE Olympiad 2024"]
[Site "Budapest"]
[Date "2024.09.19"]
[Round "8.6"]
[White "Sargsyan, Shant"]
[Black "Leko, Peter"]
[Result "1/2-1/2"]
[ECO "C65"]
[WhiteElo "2649"]
[BlackElo "2666"]
[Annotator "TA"]
[PlyCount "52"]
[EventDate "2024.09.05"]
[EventType "team-tourn"]
[EventCountry "HUN"]
[SourceTitle "playchess.com"]
[Source "ChessBase"]
[SourceQuality "1"]
[WhiteTeam "Armenia"]
[BlackTeam "Hungary"]
[WhiteTeamCountry "ARM"]
[BlackTeamCountry "HUN"]
[TimeControl "40/5400+30:1800+30"]

1. e4 e5 2. Nf3 Nc6 3. Bb5 Nf6 4. d3 Bc5 5. c3 O-O 6. O-O d5 7. Nbd2 Re8 8. exd5 a6 9. Bxc6 bxc6 10. Nb3 Qxd5 11. c4 Qd6 12. Nxc5 Qxc5 13. h3 Bf5 14. Be3 Qb4 15. Qe2 Qd6 16. Rad1 c5 17. Nh4 Bg6 18. Qd2 Qc6 19. Nxg6 hxg6 20. Qa5 Nd7 21. a3 Re6 22. b4 Qb6 23. Qa4 (23. Bxc5 $2 Qxa5 24. bxa5 Nxc5 $19) 23... Qc6 24. Qa5 Qb6 25. Qa4 (25. Bxc5 $2 {too greedy.} Qxa5 26. bxa5 Nxc5 $19) 25... Qc6 26. Qa5 Qb6 {[%emt 0:01:54] Weighted Error Value: White=0.09 (flawless) /Black=0.07 (flawless) .  OK:         	White=10    	Black=8} 1/2-1/2

[Event "45th FIDE Olympiad 2024"]
[Site "Budapest"]
[Date "2024.09.19"]
[Round "8.6"]
[White "Osunfuyi, Abimbola"]
[Black "Mohamed, Hassan"]
[Result "1/2-1/2"]
[WhiteElo "2164"]
[BlackElo "1880"]
[PlyCount "123"]
[EventDate "2024.09.05"]
[EventType "team-tourn"]
[EventCountry "HUN"]
[WhiteTeam "Nigeria"]
[BlackTeam "Maldives"]
[WhiteTeamCountry "NGR"]
[BlackTeamCountry "MDV"]
[TimeControl "40/5400+30:1800+30"]

1. Nf3 e6 2. c4 b6 3. g3 Bb7 4. Bg2 Nf6 5. O-O Be7 6. d4 O-O 7. Nc3 d6 8. d5 e5 9. Ne1 c6 10. Nd3 a5 11. Be3 cxd5 12. cxd5 Ng4 13. Bd2 f5 14. Qb3 Nd7 15. Rac1 Ba6 16. Nb5 Bxb5 17. Qxb5 Nc5 18. a3 h5 19. b4 Nb3 20. Rcd1 Nd4 21. Qc4 Nxe2+ 22. Kh1 Nd4 23. h3 Rc8 24. Qa2 Rc2 25. Qb1 Nh6 26. Bxh6 gxh6 27. Nxe5 dxe5 28. Rxd4 exd4 29. Qxc2 axb4 30. axb4 Bxb4 31. Qd1 Bc5 32. Qxh5 Qg5 33. Qe2 Qg6 34. Re1 Rf6 35. Qb5 h5 36. Qd7 d3 37. Re8+ Rf8 38. Re6 Qh7 39. Qb5 Bxf2 40. Qxd3 Qg7 41. d6 Bxg3 42. Bd5 Kh8 43. Qd2 f4 44. Qe2 f3 45. Bxf3 Bf4 46. Bxh5 Qa1+ 47. Kg2 Qa8+ 48. Re4 Bxd6 49. Qb2+ Kh7 50. Bf3 Qd8 51. Rg4 Qf6 52. Qf2 Be7 53. Qe2 Rg8 54. Qe4+ Kh8 55. Be2 Rxg4+ 56. hxg4 Bc5 57. Bf3 Kg7 58. Qb7+ Qe7 59. Qxe7+ Bxe7 60. Be2 Kf6 61. Kf3 Kg5 62. Ke4 1/2-1/2

[Event "45th FIDE Olympiad 2024"]
[Site "Budapest"]
[Date "2024.09.19"]
[Round "8.7"]
[White "Sjugirov, Sanan"]
[Black "Sargissian, Gabriel"]
[Result "1/2-1/2"]
[ECO "C84"]
[WhiteElo "2644"]
[BlackElo "2646"]
[Annotator "RC"]
[PlyCount "75"]
[EventDate "2024.09.05"]
[EventType "team-tourn"]
[EventCountry "HUN"]
[SourceTitle "playchess.com"]
[Source "ChessBase"]
[SourceQuality "1"]
[WhiteTeam "Hungary"]
[BlackTeam "Armenia"]
[WhiteTeamCountry "HUN"]
[BlackTeamCountry "ARM"]
[TimeControl "40/5400+30:1800+30"]

1. e4 e5 2. Nf3 Nc6 3. Bb5 a6 4. Ba4 Nf6 5. O-O Be7 6. d3 b5 7. Bb3 d6 8. a4 Bd7 9. Nc3 Na5 10. Ba2 b4 11. Ne2 O-O 12. h3 c5 13. Ng3 Be6 14. Bxe6 fxe6 15. c3 Nc6 16. d4 cxd4 17. cxd4 exd4 18. Nxd4 Nxd4 19. Qxd4 a5 20. Be3 Qd7 21. Rfd1 Qb7 22. Rac1 Rfc8 23. e5 Rxc1 24. Rxc1 dxe5 25. Qxe5 Qd5 26. Qxd5 Nxd5 27. Bd4 Rd8 28. Rc4 Bf6 29. Bxf6 Nxf6 30. Ne4 Nxe4 31. Rxe4 Rd1+ 32. Kh2 Rd2 33. Rxe6 Rxb2 34. Re5 Rxf2 35. Rxa5 Ra2 36. Ra6 b3 37. Rb6 Rxa4 38. Rxb3 1/2-1/2